AoeStats
← black

Pilgrims

509532250Analyzed
2v2 RM · 6d ago on Sep 27, 2026· 42m 18s· 4 players
Game mode
Random Map
Map size
Medium (4 player)
Population
200
Speed
Normal
Resources
Standard
Victory
Conquest
Starting age
Dark Age
Ending age
Imperial Age
RankedLock teamsTeams togetherTeam positionsShared explorationLock speedFull tech treeHidden civsTurbo modeCheats
Victory
Defeat
🇺🇸 Saxons · United States
884
+14
🇺🇸 Sicilians · United States
847
+16
🇦🇷 Sicilians · Argentina
870
-16
🇦🇷 Britons · Argentina
828
-14
black
5:37 Loom
12:50 Feudal Age
13:39 Double-Bit Axe
13:40 Fishing Lines
20:16 Gold Mining
23:26 Wheelbarrow
27:46 Castle Age
27:28 Forging
27:20 Scale Mail Armor
31:22 Murder Holes
Laucha.10
2:36 Loom
10:58 Feudal Age
18:45 Fletching
23:19 Fishing Lines
28:32 Castle Age
26:31 Double-Bit Axe
33:30 Imperial Age
31:06 Bodkin Arrow
31:13 Padded Archer Armor
31:26 Bow Saw
31:03 Horse Collar
33:29 Leather Archer Armor
33:28 Forging
36:01 Wheelbarrow
35:11 Town Watch
35:49 Gold Mining
37:02 Two-Man Saw
36:45 Cavalier
38:18 Bracer
38:50 Ring Archer Armor
38:38 Hand Cart
40:44 Conscription
41:42 Man-at-Arms
42:07 Gambesons
Bounce
2:41 Loom
12:19 Feudal Age
16:08 Fletching
Hanno
12:38 Feudal Age
12:03 Loom
13:39 Fishing Lines
14:20 Double-Bit Axe
14:39 Stone Mining
19:30 Castle Age
17:52 Forging
18:49 Scale Mail Armor
18:40 Fletching
20:47 Bow Saw
21:07 Squires
23:20 Iron Casting
22:50 Arson
23:59 Wheelbarrow
24:53 Chain Mail Armor
25:18 Bodkin Arrow
26:55 Hand Cart
27:45 Town Watch
38:32 Imperial Age
37:29 Town Patrol
38:18 Gold Mining
39:54 Gold Shaft Mining
38:42 Elite Varangian Guard
38:45 Capped Ram
39:54 Conscription
39:43 Bracer
40:17 Plate Mail Armor
40:14 Bracer
40:19 Siege Ram
43:05 Two-Man Saw
Connection lost

Rejoining the realm…

Still unreachable

The connection could not be restored.

Session expired

The server has moved on; the page needs a fresh start.